 Dungeon Crawl Stone Soup version 0.23.2-1-ga50397a6bc (webtiles) character file.

Game seed: 9281351586054241394

242599 Gargoyl the Corrupter of Planes (level 19, -14/162 HPs)
             Began as a Centaur Abyssal Knight on May 24, 2019.
             Was the Champion of Lugonu.
             Killed from afar by Goanoyni's ghost (16 damage)
             ... with a bolt of magma
             ... on level 2 of the Vaults on May 25, 2019.
             The game lasted 01:49:16 (44658 turns).

Gargoyl the Corrupter of Planes (CeAK)             Turns: 44658, Time: 01:49:17

Health: -14/162    AC: 48    Str: 17 (22) XL:     19   Next: 10%
Magic:  31/31      EV:  6    Int: 13      God:    Lugonu [******]
Gold:   2811       SH: 17    Dex: 18      Spells: 18/18 levels left

rFire    + + .     SeeInvis +   s - +7 long sword "Arghocku" {flame, rElec rF+ Stlth+}
rCold    + + .     Gourm    .   t - +3 shield of the Republic {+Blink rC+ Regen+ rCorr}
rNeg     + . .     Faith    .   D - +17 plate armour of the Original Sin {MR+ Int+2 SInv}
rPois    +         Spirit   .   S - +0 helmet of Dof Voicw {rN+ Regen+ Str+2 Dex+3}
rElec    +         Reflect  +   g - +2 cloak {rPois}
rCorr    +         Harm     .   I - +0 pair of gloves "Tughueh" {rC+ Dex+3}
MR       +++..     Clarity  +   M - +4 centaur barding
Stlth    ..........             E - +2 amulet of reflection
HPRegen  1.17/turn              U - ring of protection from fire
MPRegen  0.22/turn              j - ring of protection from magic

@: drained, very quick
A: large, hooves 3, thin metallic scales 1, clarity, deformed body, speed 2,
tough skin 3
}: 1/15 runes: decaying
a: Depart the Abyss, Bend Space, Banish, Corrupt, Enter the Abyss, Brand Weapon
With Distortion, Renounce Religion, Evoke Blink


You were on level 2 of the Vaults.
You worshipped Lugonu.
Lugonu was exalted by your worship.
You were not hungry.

You visited 6 branches of the dungeon, and saw 32 of its levels.
You visited the Abyss 1 time.
You also visited: Ossuary.

You collected 3318 gold pieces.
You spent 507 gold pieces at shops.

Inventory:

Hand Weapons
 s - the +7 long sword "Arghocku" (weapon) {flame, rElec rF+ Stlth+}
   (You found it on level 5 of the Dungeon)

   It has been specially enchanted to burn those struck by it, causing extra
   injury to most foes and up to half again as much damage against particularly
   susceptible opponents.
   Big, fiery blades are also staple armaments of hydra-hunters.
   It protects you from fire.
   It insulates you from electricity.
   It makes you more stealthy.
 Q - a +5 broad axe of chopping
Missiles
 a - 30 tomahawks (quivered)
Armour
 g - a +2 cloak of poison resistance (worn)
 t - the +3 shield of the Republic (worn) {+Blink rC+ Regen+ rCorr}
   (You bought it in a shop on level 6 of the Dungeon)

   It protects you from cold.
   It lets you blink.
   It increases your rate of regeneration.
   It provides partial protection from all sources of acid and corrosion.
 D - the +17 plate armour of the Original Sin (worn) {MR+ Int+2 SInv}
   (You found it on level 7 of the Dungeon)

   It affects your intelligence (+2).
   It affects your resistance to hostile enchantments.
   It lets you see invisible.
 I - the +0 pair of gloves "Tughueh" (worn) {rC+ Dex+3}
   (You acquired it on level 3 of the Lair of Beasts)

   It affects your dexterity (+3).
   It protects you from cold.
 M - a +4 centaur barding (worn)
 S - the +0 helmet of Dof Voicw (worn) {rN+ Regen+ Str+2 Dex+3}
   (You found it on level 1 of the Vaults)

   It affects your strength (+2).
   It affects your dexterity (+3).
   It protects you from negative energy.
   It increases your rate of regeneration.
Jewellery
 b - an uncursed ring of protection from cold
 d - an uncursed ring of protection from cold
 j - a ring of protection from magic (right hand)
 l - an uncursed ring of see invisible
 E - a +2 amulet of reflection (around neck)
 J - the ring "Gibrat" {Ice *Drain rElec Dex+7 Stlth+}
   (You found it on level 3 of the Lair of Beasts)

   [ring of ice]

   It enhances your ice magic.
   It affects your dexterity (+7).
   It makes you vulnerable to fire.
   It protects you from cold.
   It insulates you from electricity.
   It causes draining when unequipped.
   It makes you more stealthy.
 K - an uncursed ring of protection from fire
 O - an uncursed ring of positive energy
 U - a ring of protection from fire (left hand)
Wands
 e - a wand of random effects (17)
 p - a wand of iceblast (51)
 y - a wand of digging (5)
 F - a wand of acid (16)
 G - a wand of paralysis (25)
 H - a wand of scattershot (3)
 L - a wand of polymorph (10)
 N - a wand of clouds (4)
 W - a wand of flame (37)
Scrolls
 h - 6 scrolls of identify
 k - 9 scrolls of amnesia
 q - 8 scrolls of blinking
 r - 13 scrolls of remove curse
 w - 6 scrolls of enchant armour
 A - 6 scrolls of magic mapping
 C - 2 scrolls of teleportation
 T - a scroll of holy word
 V - 3 scrolls of fear
 X - 2 scrolls of enchant weapon
Potions
 f - 3 potions of heal wounds
 i - 3 potions of cancellation
 m - 5 potions of brilliance
 n - 12 potions of curing
 o - 3 potions of flight
 u - a potion of resistance
 v - 4 potions of agility
 x - 4 potions of lignification
 z - 2 potions of ambrosia
 B - a potion of haste
 R - a potion of invisibility
 Y - a potion of magic
Comestibles
 c - 52 rations


   Skills:
 + Level 12.7(11.5) Fighting
 + Level 14.0(12.8) Long Blades
 + Level 6.0(5.0) Axes
 + Level 0.7(0.0) Throwing
 * Level 12.1(10.9) Armour
 * Level 10.7(9.6) Dodging
 + Level 11.9(10.8) Shields
 * Level 17.1(15.8) Invocations
 + Level 1.4(0.6) Evocations


You had 18 spell levels left.
You didn't know any spells.
Your spell library contained the following spells:

 Spells                   Type           Power        Failure   Level  Hunger
 Animate Skeleton         Necr           N/A          100%        1    ##.....
 Beastly Appendage        Tmut           #.....       100%        1    ##.....
 Corona                   Hex            #......      100%        1    ##.....
 Flame Tongue             Conj/Fire      #....        100%        1    ##.....
 Magic Dart               Conj           #...         100%        1    ##.....
 Pain                     Necr           #...         100%        1    ##.....
 Summon Butterflies       Summ           #.......     100%        1    ##.....
 Blink                    Tloc           N/A          100%        2    ###....
 Call Imp                 Summ           #.......     100%        2    ###....
 Poisonous Vapours        Pois/Air       #.....       100%        2    ###....
 Slow                     Hex            #.......     100%        2    ###....
 Sticks to Snakes         Tmut           #.......     100%        2    ###....
 Throw Flame              Conj/Fire      #.....       100%        2    ###....
 Call Canine Familiar     Summ           #.......     100%        3    ####...
 Conjure Flame            Conj/Fire      #.......     100%        3    ####...
 Inner Flame              Hex/Fire       #.......     100%        3    ####...
 Mephitic Cloud           Conj/Pois/Air  #.......     100%        3    ####...
 Portal Projectile        Hex/Tloc       #.....       100%        3    ####...
 Recall                   Summ/Tloc      N/A          100%        3    ####...
 Regeneration             Chrm/Necr      #.........   100%        3    ####...
 Spider Form              Tmut/Pois      #.........   100%        3    ####...
 Vampiric Draining        Necr           #.........   100%        3    ####...
 Animate Dead             Necr           N/A          100%        4    #####..
 Cause Fear               Hex            #.........   100%        4    #####..
 Ice Form                 Ice/Tmut       #.......     100%        4    #####..
 Leda's Liquefaction      Hex/Erth       #.........   100%        4    #####..
 Sticky Flame             Conj/Fire      #.......     100%        4    #####..
 Summon Ice Beast         Ice/Summ       #.......     100%        4    #####..
 Aura of Abjuration       Summ           #.........   100%        5    ######.
 Blade Hands              Tmut           #.........   100%        5    ######.
 Fireball                 Conj/Fire      #.........   100%        5    ######.
 Lightning Bolt           Conj/Air       #.........   100%        5    ######.
 Summon Demon             Summ           #.........   100%        5    ######.
 Summon Forest            Summ/Tloc      #.........   100%        5    ######.
 Summon Mana Viper        Hex/Summ       #.......     100%        5    ######.
 Bolt of Cold             Conj/Ice       #.........   100%        6    #######
 Shadow Creatures         Summ           N/A          100%        6    #######
 Summon Hydra             Summ           #.........   100%        7    #######


Dungeon Overview and Level Annotations

Branches:
Dungeon (15/15)            Temple (0/1) D:6            Lair (6/6) D:10
  Swamp (4/4) Lair:4        Snake (0/4) Lair:2        Slime (0/5) Lair:6
    Orc (2/2) D:9             Elf (3/3) Orc:2        Vaults (2/5) D:13
  Crypt (0/3) Vaults:2     Depths (0/5) D:15

Altars:
Ashenzari
Elyvilon
Gozag
Hepliaklqana
Nemelex Xobeh
Ru
Sif Muna
Trog
Uskayaw
Vehumet
Wu Jian
Xom
Yredelemnul
Beogh

Shops:
D:6 *   D:13 (   Orc:2 }%([   Elf:1 %   Elf:2 ((}   Vaults:2 }

Annotations:
D:3 1 runed translucent door
D:4 3 runed translucent doors, Mrkan's ghost, novice TrMo
Vaults:2 Goanoyni's ghost, adept HuEE
Abyss:1 Eustachio


Innate Abilities, Weirdness & Mutations

You have hooves in place of feet.
Armour fits poorly on your strangely shaped body.
You cover ground very quickly.
You have extremely tough skin. (AC +3)
You are partially covered in thin metallic scales. (AC +2)
You possess an exceptional clarity of mind.


Message History

You completely miss Goanoyni's ghost. Your kick misses Goanoyni's ghost.
Goanoyni's ghost is almost destroyed.
Goanoyni's ghost says, "You would make a fine zombie."
You block Goanoyni's ghost's attack.
You completely miss Goanoyni's ghost. Your kick misses Goanoyni's ghost.
Goanoyni's ghost is almost destroyed.
You completely miss Goanoyni's ghost. Your kick misses Goanoyni's ghost.
Goanoyni's ghost is almost destroyed.
Goanoyni's ghost hits you but does no damage.
You completely miss Goanoyni's ghost.
Goanoyni's ghost is almost destroyed.
Goanoyni's ghost casts a spell at you. The iron shot hits you!!!!
Ouch! That really hurt!
* * * LOW HITPOINT WARNING * * *
You miss Goanoyni's ghost. Your kick misses Goanoyni's ghost.
Goanoyni's ghost is almost destroyed.
Goanoyni's ghost points at you and mumbles some strange words.
The bolt of magma hits you! You partially resist.
You die...

*,,,,,,,******,,,,#....#.....#.
*,,,,,,,,,,,,,,,,,######)#####.
*,,,,,,,,,,,,,,,,,#..'..(#)..#.
*,,,,,,,,,,,,,,,,,#..#..(()).#.
*,,,,,,,,,,,,,,,,,#..#...#####.
*,,,,,,,,,,,,,,,,,#..#...(()(#.
*,,,,,,,,#############..#)####.
*,,,,,,,,#..[[W...'.(...#(...#.
*,,,,,,,,#...<@...#######....#.
*,,,,,,,,#........#.....#..(.#.
*,,,,,,,,#........#.....'....#.
*,,,,,,,,#.b......#.....#....#,
*,,,,,,,,#....((..############,
*,,,,,...######'###.......,,,,,
*,,,,,...((..((b((....(...,,,,,
*,,,,,.####.####(((......#+****
*,,,,,,*,..,,.,#.........#,,,,,


You could see Goanoyni's ghost.

Vanquished Creatures
  Bai Suzhen (Swamp:3)
  Nikola (Swamp:3)
  Rupert (Vaults:1)
  A deep elf blademaster (Elf:2)
  An ancient champion (Vaults:2)
  2 thorn hunters (Swamp:4)
  Kirke (Lair:5)
  Donald (Elf:1)
  A tengu reaver (Vaults:2)
  Roxanne (Elf:1)
  A frost giant (D:10)
  A fire giant (D:15)
  A deep elf sorcerer (Elf:1)
  A deep elf elementalist (Elf:2)
  4 vault wardens (Vaults:1)
  2 spriggan defenders
  4 ironheart preservers (Vaults:1)
  3 very ugly things
  A stone giant (shapeshifter) (Vaults:1)
  2 stone giants
  An entropy weaver (Vaults:2)
  4 deep elf annihilators
  Nessos (Lair:4)
  A dire elephant (Lair:5)
  The ghost of Diladiq the Basher, a journeyman DDHu of Elyvilon (Orc:1)
  A death ooze (Swamp:4)
  3 deep elf death magi
  2 green deaths (Swamp:4)
  An ettin (D:14)
  A fire dragon (D:15)
  2 yaktaur captains
  2 ice dragons
  4 ogre magi
  A great orb of eyes (Abyss:4)
  A deep elf high priest (Elf:2)
  2 hell beasts (Swamp:4)
  A rakshasa (Vaults:1)
  A merfolk avatar (Lair:6)
  3 centaur warriors
  A ghost crab (Swamp:3)
  6 hydras
  15 alligators
  22 dancing weapons
  A catoblepas (Lair:4)
  3 death knights
  14 two-headed ogres
  A tengu warrior (D:13)
  A deep troll earth mage (Vaults:1)
  5 orc high priests
  A small abomination (Elf:2)
  16 deep elf knights
  The ghost of Valentain the Chopper, a novice HOSk of Beogh (D:9)
  A sea snake (shapeshifter) (D:13)
  A sixfirhy (D:14)
  A spriggan druid (Swamp:2)
  2 sea snakes (Lair:5)
  6 unseen horrors
  3 deep trolls
  8 swamp dragons
  20 deep elf archers
  A wizard (Vaults:1)
  A glowing orange brain (Vaults:1)
  A lindwurm (shapeshifter) (D:14)
  A harpy (shapeshifter) (D:14)
  An ironbrand convoker (Vaults:1)
  2 harpies
  45 deep elf magi
  5 orc knights (Vaults:1)
  2 orc sorcerers (Orc:2)
  3 wolf spiders (Vaults:1)
  A manticore (D:12)
  An oklob plant (Lair:1)
  2 moths of wrath (Orc:1)
  10 black mambas
  17 elephants
  A centaur zombie (D:15)
  18 ugly things
  2 large abominations
  A black mamba (shapeshifter) (Vaults:2)
  4 vault sentinels (Vaults:1)
  4 cyclopes
  A molten gargoyle (Lair:2)
  A gargoyle (D:9)
  An ice statue (D:10)
  An orange demon (Swamp:4)
  21 yaktaurs
  24 spiny frogs
  2 freezing wraiths
  6 komodo dragons (Lair:6)
  A tengu conjurer (D:13)
  2 efreet
  9 rime drakes
  2 ice devils (D:13)
  A harpy zombie (D:13)
  A troll (shapeshifter) (Elf:2)
  A queen bee (Lair:1)
  8 trolls
  A wind drake (Lair:6)
  2 polar bears
  9 hornets
  3 tyrant leeches
  A hornet (shapeshifter) (Vaults:2)
  23 blink frogs
  22 hippogriffs
  14 dream sheep
  A hippogriff (shapeshifter) (D:14)
  9 bog bodies
  33 slime creatures
  A meliai zombie (D:14)
  2 redbacks (Vaults:2)
  7 shadows
  A tarantella (Vaults:2)
  4 spriggans
  4 air elementals (Elf:1)
  4 water elementals
  15 yaks
  A vampire (D:9)
  6 fire elementals
  5 wraiths
  7 basilisks
  9 wyverns
  2 hogs (Lair:5)
  A steam dragon (D:11)
  17 vampire mosquitoes
  7 swamp worms
  11 wargs
  2 nagas (Lair:2)
  A soldier ant (D:11)
  The ghost of Renjy the Digger, an amateur OpEE (D:3)
  6 acid dragons
  10 porcupines
  16 water moccasins
  Duvessa (D:6)
  2 hell hounds (D:14)
  6 swamp drakes
  An ice beast (shapeshifter) (D:14)
  2 black bears
  An eye of draining (D:15)
  2 hornet zombies
  8 sky beasts
  21 ogres
  37 orc warriors
  20 ice beasts
  11 wolves
  A boggart (Vaults:1)
  2 necrophages
  4 phantoms
  6 centaurs
  16 crocodiles
  2 big kobolds
  29 bullfrogs
  Dowan (D:6)
  2 earth elementals (Elf:2)
  9 gnoll sergeants
  A wyvern skeleton (D:11)
  A water moccasin zombie (D:9)
  4 scorpions
  A water moccasin skeleton (D:7)
  30 killer bees
  6 electric eels
  19 wights
  2 howler monkeys (D:11)
  7 crimson imps
  A quasit (D:10)
  Crazy Yiuf (D:6)
  A bullfrog zombie (D:5)
  20 orc priests
  9 hounds
  5 centaur skeletons
  5 gnoll shamans
  A wyvern simulacrum (D:14)
  6 jellies
  4 bullfrog skeletons
  38 orc wizards
  7 iguanas
  17 worker ants
  A killer bee zombie (D:7)
  A hound skeleton (D:6)
  A worker ant zombie (D:8)
  35 gnolls
  A howler monkey skeleton (D:9)
  11 adders
  2 river rats
  5 shadow imps
  3 oozes
  2 adder skeletons
  2 adder zombies
  2 worms
  5 leopard geckos
  77 orcs
  6 giant cockroaches
  9 goblins
  4 hobgoblins
  22 jackals
  6 quokkas
  3 ball pythons
  A ball python skeleton (Ossuary)
  6 bats
  3 frilled lizards
  3 hobgoblin skeletons (Ossuary)
  2 hobgoblin zombies (Ossuary)
  A jackal skeleton (D:5)
  13 kobolds
  2 kobold zombies (Ossuary)
  2 leopard gecko skeletons (D:4)
  A leopard gecko zombie (D:5)
  An orc skeleton (Ossuary)
  A quokka skeleton (D:6)
  A quokka zombie (D:5)
  11 rats
  3 briar patches (Swamp:4)
1275 creatures vanquished.

Vanquished Creatures (collateral kills)
  A plant (Lair:1)
1 creature vanquished.

Vanquished Creatures (others)
  The ghost of Vatovie the Impaler, a journeyman MiBe of Trog (Elf:2)
  2 yaktaur captains
  A ghost crab (Swamp:3)
  A hydra (Lair:5)
  2 centaur warriors
  2 deep elf knights (Elf:1)
  A deep elf archer (Elf:2)
  A deep elf mage (Vaults:2)
  2 yaktaurs
  A bog body (Swamp:1)
  A slime creature (Swamp:4)
  A water elemental (Elf:1)
  A human (Lair:5)
  3 vampire mosquitoes (Swamp:3)
  2 swamp worms
  A water moccasin (Lair:5)
  5 centaurs
  2 electric eels (D:10)
  2 orcs
  A kobold (D:10)
  A briar patch (Swamp:4)
  17 fungi
  22 plants
73 creatures vanquished.

Grand Total: 1349 creatures vanquished

Notes
Turn   | Place    | Note
-------+----------+-------------------------------------------
     0 | Abyss:1  | Gargoyl the Centaur Abyssal Knight began the quest for the
                  | Orb.
     0 | Abyss:1  | Reached XP level 1. HP: 19/19 MP: 2/2
     3 | Abyss:1  | Found a corrupted altar of Lugonu.
    22 | Abyss:2  | Found a corrupted altar of Lugonu.
   228 | Abyss:4  | Noticed a great orb of eyes
   235 | Abyss:4  | Killed a great orb of eyes
   235 | Abyss:4  | Reached skill level 3 in Invocations
   235 | Abyss:4  | Reached XP level 2. HP: 31/31 MP: 0/4
   235 | Abyss:4  | Noticed a large abomination
   236 | Abyss:4  | Reached XP level 3. HP: 38/38 MP: 0/5
   236 | Abyss:4  | Reached XP level 4. HP: 45/45 MP: 0/6
   236 | Abyss:4  | Reached XP level 5. HP: 51/51 MP: 0/7
   236 | Abyss:4  | Reached XP level 6. HP: 58/58 MP: 0/8
   236 | Abyss:4  | Reached XP level 7. HP: 64/64 MP: 0/9
   243 | Abyss:4  | Killed a large abomination
   243 | Abyss:4  | Reached skill level 1 in Evocations
   243 | Abyss:4  | Reached XP level 8. HP: 73/73 MP: 0/10
   245 | Abyss:4  | Noticed a thrashing horror
   246 | D:1      | Escaped the Abyss
   511 | D:1      | Reached * piety under Lugonu
   630 | D:1      | Reached skill level 1 in Dodging
  1205 | D:2      | Found an opulent altar of Gozag.
  1428 | D:2      | Reached ** piety under Lugonu
  1451 | D:2      | Found a shattered altar of Ashenzari.
  1851 | D:3      | Found a basalt altar of Yredelemnul.
  2164 | D:3      | Found a runed translucent door.
  2165 | D:3      | Noticed Renjy's ghost (amateur OpEE)
  2186 | D:3      | Killed Renjy's ghost
  2311 | D:3      | Found a runed translucent door.
  2848 | D:4      | Found a runed translucent gate.
  2853 | D:4      | Reached skill level 4 in Invocations
  2856 | D:4      | Found a runed translucent gate.
  2856 | D:4      | Found a runed translucent gate.
  2863 | D:4      | Noticed Mrkan's ghost (novice TrMo)
  2864 | D:4      | You fall through a shaft for 2 floors!
  2864 | D:6      | Found Bofiah's General Store.
  2894 | D:6      | Noticed Duvessa
  2894 | D:6      | Noticed Dowan
  2906 | D:6      | Killed Duvessa
  2921 | D:6      | Killed Dowan
  3325 | D:5      | Entered Level 5 of the Dungeon
  3346 | D:5      | Reached skill level 5 in Axes
  3460 | D:5      | Reached *** piety under Lugonu
  3714 | D:4      | Noticed Eustachio
  4228 | D:4      | Banished Eustachio
  4228 | D:4      | Reached XP level 9. HP: 81/81 MP: 12/12
  4414 | D:3      | Found a hazy altar of Hepliaklqana.
  4866 | D:5      | Reached skill level 5 in Invocations
  5541 | D:5      | Found a white marble altar of Elyvilon.
  5870 | D:5      | Reached skill level 1 in Shields
  6271 | D:5      | Got a slimy long sword
  6272 | D:5      | Identified the +7 long sword "Arghocku" {flame, rElec rF+
                  | Stlth+} (You found it on level 5 of the Dungeon)
  6329 | D:5      | Found an ornate altar of the Wu Jian Council.
  6329 | D:5      | Found a faded altar of an unknown god.
  6334 | D:5      | Found a bloodstained altar of Trog.
  6336 | D:5      | Found a faded altar of an unknown god.
  6338 | D:5      | Found a sacrificial altar of Ru.
  6415 | D:6      | Gained mutation: You are weak. (Str -2) [potion of
                  | mutation]
  6415 | D:6      | Gained mutation: You expend magic power (3 MP) to
                  | strengthen your wands. [potion of mutation]
  6416 | D:6      | Lost mutation: You are weak. (Str -2) [potion of mutation]
  6416 | D:6      | Lost mutation: You expend magic power (3 MP) to strengthen
                  | your wands. [potion of mutation]
  6416 | D:6      | Gained mutation: You possess an exceptional clarity of
                  | mind. [potion of mutation]
  6416 | D:6      | Gained mutation: You are partially covered in thin metallic
                  | scales. (AC +2) [potion of mutation]
  6497 | D:6      | Found a staircase to the Ecumenical Temple.
  6519 | D:6      | Reached skill level 5 in Armour
  6972 | D:6      | Found a runed translucent door.
  6973 | D:6      | Noticed Crazy Yiuf
  7343 | D:6      | Killed Crazy Yiuf
  7413 | D:6      | Reached skill level 6 in Invocations
  7417 | D:6      | Reached **** piety under Lugonu
  7449 | D:6      | Reached skill level 1 in Long Blades
  7564 | D:6      | Reached XP level 10. HP: 42/89 MP: 14/14
  7946 | D:7      | Found a sand-covered staircase.
  7953 | Ossuary  | Entered an ossuary
  8781 | D:7      | Got a faintly humming plate armour
  8792 | D:7      | Identified the +17 plate armour of the Original Sin {MR+
                  | Int+2 SInv} (You found it on level 7 of the Dungeon)
  8975 | D:8      | Noticed a two-headed ogre
  8982 | D:8      | Killed a two-headed ogre
  9369 | D:8      | Reached ***** piety under Lugonu
  9685 | D:8      | Noticed a centaur warrior
  9692 | D:8      | Killed a centaur warrior
  9692 | D:8      | Reached skill level 7 in Invocations
  9780 | D:8      | Found a hide-covered altar of Uskayaw.
 10043 | D:9      | Reached XP level 11. HP: 81/95 MP: 16/16
 10139 | D:9      | Found a runed translucent door.
 10139 | D:9      | Noticed Valentain's ghost (novice HOSk)
 10199 | D:9      | Found a staircase to the Orcish Mines.
 10724 | D:9      | Reached skill level 5 in Long Blades
 10933 | D:9      | You fall through a shaft for 2 floors!
 10956 | D:10     | Entered Level 10 of the Dungeon
 11044 | D:6      | Bought the +3 shield of the Republic {+Blink rC+ Regen+
                  | rCorr} for 507 gold pieces
 11136 | D:9      | Noticed a six-headed hydra
 11146 | D:9      | Killed a one-headed hydra
 11476 | D:9      | Noticed a red ugly thing
 11492 | D:9      | Killed a red ugly thing
 11639 | D:9      | Found a sparkling altar of Nemelex Xobeh.
 11936 | D:10     | Found a staircase to the Lair.
 12188 | D:10     | Reached skill level 5 in Dodging
 12244 | D:10     | Reached skill level 8 in Invocations
 12298 | D:10     | Noticed an unseen horror
 12326 | D:10     | Killed an unseen horror
 12336 | D:10     | Found a deep blue altar of Sif Muna.
 12959 | Lair:1   | Entered Level 1 of the Lair of Beasts
 13025 | Lair:1   | Noticed an oklob plant
 13077 | Lair:1   | Killed an oklob plant
 13213 | Lair:1   | Reached XP level 12. HP: 84/103 MP: 18/18
 13713 | Lair:1   | Reached ****** piety under Lugonu
 14596 | Lair:2   | Found a staircase to the Snake Pit.
 14603 | Lair:2   | Reached skill level 5 in Shields
 14603 | Lair:2   | Reached skill level 9 in Invocations
 15422 | Lair:3   | Identified a scroll of acquirement
 15423 | Lair:3   | Got a pair of dazzling gloves
 15429 | Lair:3   | Identified the +0 pair of gloves "Tughueh" {rC+ Dex+3} (You
                  | acquired it on level 3 of the Lair of Beasts)
 15572 | Lair:3   | Got a translucent brass ring
 15916 | Lair:4   | Found a staircase to the Swamp.
 15916 | Lair:4   | Noticed a five-headed hydra
 15925 | Lair:4   | Killed a one-headed hydra
 16210 | Lair:4   | Reached XP level 13. HP: 99/110 MP: 20/20
 16297 | Lair:4   | You fall through a shaft!
 16334 | Lair:5   | Noticed Kirke
 16390 | Lair:5   | Killed Kirke
 16648 | Lair:4   | Identified the ring "Gibrat" {Ice *Drain rElec Dex+7
                  | Stlth+} (You found it on level 3 of the Lair of Beasts)
 16694 | Lair:4   | Noticed Nessos
 17033 | Lair:4   | Killed Nessos
 18060 | Lair:5   | Reached skill level 10 in Invocations
 18557 | Lair:6   | Entered Level 6 of the Lair of Beasts
 19022 | Lair:5   | Reached skill level 10 in Fighting
 19144 | Lair:6   | Noticed a dire elephant
 19170 | Lair:6   | Found a staircase to the Slime Pits.
 19533 | Lair:5   | Killed a dire elephant
 19541 | Lair:5   | Reached XP level 14. HP: 92/120 MP: 21/21
 19995 | Lair:6   | Reached skill level 10 in Long Blades
 20229 | Lair:6   | Reached skill level 11 in Invocations
 20289 | Lair:6   | Got a pitted plate armour
 20710 | Lair:5   | Identified the cursed +0 plate armour of Unambiguity
                  | {*Drain +Blink rPois} (You found it on level 6 of the Lair
                  | of Beasts)
 21027 | D:10     | Noticed a frost giant
 21044 | D:10     | Killed a frost giant
 21221 | D:10     | Got a translucent scale mail
 21222 | D:10     | Identified the +0 scale mail of Pathos {Str+3} (You found
                  | it on level 10 of the Dungeon)
 22215 | D:11     | You fall through a shaft for 3 floors!
 22423 | D:13     | Found a gate to the Vaults.
 22446 | D:13     | Got a pair of ichor-stained gloves
 22457 | D:13     | Identified the +1 pair of gloves of Snakes and Ladders
                  | {SInv} (You acquired it on level 13 of the Dungeon)
 22640 | D:13     | Found Sifriog's Antique Weapon Shop.
 22712 | D:12     | Found a white marble altar of Elyvilon.
 24110 | D:13     | Reached XP level 15. HP: 127/127 MP: 23/23
 24656 | D:14     | Found a runed translucent door.
 25176 | D:14     | Got a wavering steel ring
 25185 | D:14     | Identified Sif Muna's Reference Book on Ice and Lightness
 25212 | D:14     | Identified the ring of the Suburbs {Dex+3 Stlth-} (You
                  | found it on level 14 of the Dungeon)
 25861 | D:15     | Entered Level 15 of the Dungeon
 25995 | D:15     | Reached skill level 12 in Invocations
 26061 | D:15     | Found a staircase to the Depths.
 26062 | D:15     | Noticed a fire giant
 26082 | D:15     | Killed a fire giant
 27064 | D:9      | Killed Valentain's ghost
 27104 | Orc:1    | Entered Level 1 of the Orcish Mines
 27306 | Orc:1    | Noticed Diladiq's ghost (journeyman DDHu)
 27341 | Orc:1    | Found a transporter.
 27420 | Orc:1    | Found a transporter.
 27532 | Orc:1    | Killed Diladiq's ghost
 28157 | Orc:2    | Entered Level 2 of the Orcish Mines
 28218 | Orc:2    | Found a staircase to the Elven Halls.
 29008 | Orc:2    | Found a roughly hewn altar of Beogh.
 29234 | Orc:2    | Found Jileraq's Antique Weapon Shoppe.
 29234 | Orc:2    | Found Zorphirua's Armour Shoppe.
 29235 | Orc:2    | Found Rosiuvea's Food Emporium.
 29238 | Orc:2    | Found Xoettow's Gadget Emporium.
 29491 | Elf:1    | Entered Level 1 of the Elven Halls
 29650 | Elf:1    | Found Damoo's Food Shop.
 29813 | Elf:1    | Noticed Roxanne
 29838 | Elf:1    | Reached skill level 13 in Invocations
 29951 | Elf:1    | Killed Roxanne
 29951 | Elf:1    | Reached XP level 16. HP: 136/136 MP: 25/25
 30022 | Elf:1    | Reached skill level 10 in Armour
 30226 | Elf:1    | Found a deep blue altar of Sif Muna.
 30909 | Elf:1    | Noticed Donald
 31126 | Elf:1    | Killed Donald
 31474 | Elf:2    | Found a radiant altar of Vehumet.
 31524 | Elf:2    | Found a runed translucent gate.
 31524 | Elf:2    | Found a runed translucent gate.
 31524 | Elf:2    | Found a runed translucent gate.
 31611 | Elf:2    | Found Jihoca's Antique Weapon Boutique.
 31867 | Elf:2    | Reached skill level 14 in Invocations
 32087 | Elf:2    | Found Raec's Weapon Shop.
 32321 | Elf:2    | Found Nakka's Gadget Shoppe.
 32413 | Elf:2    | Found a runed translucent door.
 32414 | Elf:2    | Found a shimmering altar of Xom.
 32415 | Elf:2    | Noticed Vatovie's ghost (journeyman MiBe)
 32546 | Elf:2    | Banished Vatovie's ghost
 32839 | Elf:2    | Noticed a deep elf blademaster
 32870 | Elf:2    | Killed a deep elf blademaster
 32885 | Elf:2    | Reached skill level 10 in Shields
 33516 | Elf:2    | Reached XP level 17. HP: 146/146 MP: 27/27
 33891 | Elf:3    | Entered Level 3 of the Elven Halls
 33894 | Elf:3    | Paralysed by the power of Zot for 5 turns
 34338 | Elf:3    | Noticed a deep elf master archer
 35083 | Swamp:1  | Entered Level 1 of the Swamp
 35156 | Swamp:1  | Reached skill level 15 in Invocations
 36737 | Swamp:3  | Noticed Nikola
 37033 | Swamp:3  | Killed Nikola
 37794 | Swamp:4  | Entered Level 4 of the Swamp
 37797 | Swamp:4  | Noticed Bai Suzhen
 38272 | Swamp:3  | Killed Bai Suzhen
 38770 | Swamp:4  | Reached skill level 16 in Invocations
 39026 | Swamp:4  | Reached skill level 10 in Dodging
 39128 | Swamp:4  | Got a decaying rune of Zot
 39280 | Swamp:4  | Reached XP level 18. HP: 154/154 MP: 30/30
 39732 | Vaults:1 | Entered Level 1 of the Vaults
 41734 | Vaults:1 | Found a runed translucent gate.
 41735 | Vaults:1 | Found a runed translucent gate.
 41735 | Vaults:1 | Found a runed translucent gate.
 41986 | Vaults:1 | Noticed Rupert
 42493 | Vaults:2 | Reached skill level 17 in Invocations
 42645 | Vaults:2 | Found Halu's Gadget Shoppe.
 43337 | Vaults:1 | Killed Rupert
 43487 | Vaults:1 | Reached XP level 19. HP: 136/162 MP: 31/31
 43730 | Vaults:1 | Noticed Goanoyni's ghost (adept HuEE)
 43985 | Vaults:1 | Got a crude helmet
 43996 | Vaults:1 | Identified the +0 helmet of Dof Voicw {rN+ Regen+ Str+2
                  | Dex+3} (You found it on level 1 of the Vaults)
 44657 | Vaults:2 | HP: 1/162 [Goanoyni's ghost/iron shot (85)]
 44658 | Vaults:2 | Killed from afar by Goanoyni's ghost

Skill      XL: |  1  2  3  4  5  6  7  8  9 10 11 12 13 14 15 16 17 18 19 |
---------------+----------------------------------------------------------+-----
Fighting       | 6 7 8 9 10 11 12 | 12.7
Axes           | 3 5 6 |  6.0
Armour         | 2 3 4 5 6 7 8 9 10 11 12 | 12.1
Invocations    | 3 4 6 7 8 9 10 11 13 14 16 17 | 17.1
Evocations     | 1 |  1.4
Dodging        | 2 3 4 5 6 7 8 9 10 | 10.7
Shields        | 1 2 4 5 6 8 9 10 11 | 11.9
Long Blades    | 1 4 6 8 9 10 11 12 13 14 | 14.0
Throwing       | |  0.7

Action                   |  1- 3 |  4- 6 |  7- 9 | 10-12 | 13-15 | 16-18 | 19-21 || total
-------------------------+-------+-------+-------+-------+-------+-------+-------++-------
Melee: Hand axe          |       |       |   497 |       |       |       |       ||   497
       Kick              |       |       |   134 |   244 |   785 |   887 |   108 ||  2158
       Long sword        |       |       |    69 |  1011 |  2090 |  2396 |   392 ||  5958
Throw: Tomahawk          |       |       |       |       |    10 |     5 |       ||    15
Invok: Depart the Abyss  |       |       |     1 |       |       |       |       ||     1
       Banish            |       |       |     1 |     1 |     1 |    12 |       ||    15
       Bend Space        |       |       |       |     3 |     3 |     3 |       ||     9
Evoke: Wand              |     5 |       |     6 |       |     2 |       |       ||    13
  Use: Scroll            |     5 |       |    13 |    11 |    26 |     9 |     2 ||    66
       Potion            |       |       |     3 |       |     8 |    15 |     5 ||    31
 Stab: Confused          |       |       |       |     1 |       |     1 |       ||     2
       Distracted        |       |       |       |       |     2 |     1 |       ||     3
  Eat: Chunk             |       |       |    14 |    19 |    33 |    21 |       ||    87
       Ration            |       |       |     1 |     2 |     2 |     7 |     1 ||    13
Armor: Plate armour      |       |       |   626 |   991 |  1572 |  1657 |   108 ||  4954
Dodge: Dodged            |       |       |    60 |   137 |   320 |   471 |    21 ||  1009
Block: Shield            |       |       |   171 |   751 |  1896 |  2139 |   127 ||  5084
       Reflection        |       |       |       |       |    71 |   149 |     1 ||   221
       Rpst.: Long sword |       |       |     1 |    32 |    71 |   107 |     6 ||   217
